 Dungeon Crawl Stone Soup version 0.30.0-29-ga12c61a403 (webtiles) character file.

Game seed: 10837196922831517611

319 ChrisAssaf the Chiller (level 6, -1/30 HPs)
             Began as a Vampire Ice Elementalist on June 22, 2023.
             Was a Believer of Cheibriados.
             Slain by a gnoll
             ... wielding a +0 spear
             ... led by a gnoll sergeant
              (4 damage)
             ... on level 4 of the Dungeon.
             The game lasted 00:11:16 (2338 turns).

ChrisAssaf the Chiller (Vampire Ice Elementalist)   Turns: 2338, Time: 00:11:17

Health: -1/30      AC:  4    Str: 13    XL:     6   Next: 21%
Magic:  4/10       EV: 13    Int: 22    God:    Cheibriados [**....]
Gold:   76         SH:  0    Dex: 18    Spells: 4/11 levels left

rFire   . . .        m - +2 short sword (flame)
rCold   + + .        (no shield)
rNeg    + + +        a - +2 robe
rPois   ∞            (no helmet)
rElec   .            (no cloak)
rCorr   .            (no gloves)
SInv    +            (no boots)
Will    .....        (no amulet)
Stlth   +++++        (no ring)
HPRegen 0.00/turn    (no ring)
MPRegen 0.12/turn

%: no passive effects
@: freezing walls, bloodless, inhibited regen, very slow
A: bloodless, fangs 3, see invisible, vampiric 2, [frail 1]
a: Bat Form, Revivify, Renounce Religion, Bend Time


You were on level 4 of the Dungeon.
You worshipped Cheibriados.
Cheibriados was pleased with you.
You visited 1 branch of the dungeon, and saw 4 of its levels.

You collected 76 gold pieces.

Inventory:

Hand Weapons
 m - a +2 short sword of flaming (weapon)
Armour
 a - a +2 robe (worn)
Scrolls
 d - 2 scrolls of teleportation
 e - a scroll of torment
 g - a scroll of immolation
 i - a scroll of noise
 l - a scroll of summoning
Potions
 b - 2 potions of magic
 c - a potion of invisibility {unknown}
 f - a potion of degeneration {unknown}
 h - a potion of brilliance {unknown}
 j - 4 potions of curing
 k - 2 potions of mutation {unknown}
 o - a potion of berserk rage {unknown}
 p - a potion of attraction {unknown}
 q - a potion of cancellation {unknown}


   Skills:
 * Level 1.3 Fighting
 * Level 1.6 Short Blades
 * Level 1.4 Armour
 * Level 2.9 Dodging
 * Level 4.2 Stealth
 * Level 3.2 Spellcasting
 * Level 5.1 Ice Magic
 * Level 1.1 Invocations


You had 4 spell levels left.
You knew the following spells:

 Your Spells              Type           Power      Damage    Failure   Level
a - Freeze                Ice            100%       1d10      1%          1
b - Frozen Ramparts       Ice            52%        1d8       4%          3
c - Ignite Poison         Fire/Tmut/Pois 3%         N/A       34%         3

Your spell library contained the following spells:

 Spells                   Type           Power      Damage    Failure   Level
 Ozocubu's Armour         Ice            26%        N/A       4%          3
 Cigotuvi's Dreadful Rot  Necr/Pois/Air  6%         N/A       19%         2
 Summon Ice Beast         Ice/Summ       14%        N/A       38%         4
 Dispel Undead            Necr           3%         3d7       77%         4
 Freezing Cloud           Conj/Ice/Air   5%         6-21      86%         5
 Blade Hands              Tmut           1%         N/A       97%         5
 Irradiate                Conj/Tmut      1%         3d12      97%         5
 Death Channel            Necr           1%         N/A       100%        6
 Dragon Form              Tmut           1%         N/A       100%        7


Dungeon Overview and Level Annotations

Branches:
Dungeon (4/15)             Temple (0/1) D:4

Altars:
Ashenzari
Cheibriados
Sif Muna

Shops:
D:2 [


Innate Abilities, Weirdness & Mutations

You do not regenerate when monsters are visible.
You are frail without blood (-20% HP).
You can heal yourself when you bite living creatures.
You are immune to poison.
You have razor-sharp teeth.
You have supernaturally acute eyesight. (SInv)
You are afflicted with vampirism and can become a bat while bloodless.
[You are frail. (-10% HP)]


Message History

A gnoll comes into view. It is wielding a +0 flail.
The wall freezes the gnoll sergeant but does no damage.
The gnoll sergeant closely misses you.
The wall freezes the gnoll.
The gnoll hits you from afar with a +0 spear.
Aiming: Freeze (safe; 1% risk of failure)
Press: ? - help, Q - select action, (/) - cycle Shift-Dir - straight line, f/p - gnoll sergeant
Aim: a gnoll sergeant, wielding a +2 spear of venom and wearing a +0 ring mail (lightly wounded)
You freeze the gnoll sergeant!
The gnoll sergeant is heavily wounded.
The wall freezes the gnoll sergeant but does no damage.
The gnoll sergeant barely misses you.
The wall freezes the gnoll.
You kill the gnoll!
Cheibriados appreciates the change of pace.
Aiming: Freeze (safe; 1% risk of failure)
Press: ? - help, Q - select action, (/) - cycle Shift-Dir - straight line, f/p - gnoll sergeant
Aim: a gnoll sergeant, wielding a +2 spear of venom and wearing a +0 ring mail (heavily wounded)
You freeze the gnoll sergeant.
The gnoll sergeant is heavily wounded.
The wall freezes the gnoll sergeant but does no damage.
Unknown command.
You closely miss the gnoll sergeant.
You punch the gnoll sergeant, but do no damage.
The gnoll sergeant is heavily wounded.
The wall freezes the gnoll. x2; The gnoll misses you.
The wall freezes the gnoll sergeant.
The gnoll sergeant barely misses you.
You hit the gnoll sergeant. You burn the gnoll sergeant.
The gnoll sergeant is almost dead.
The wall freezes the gnoll.
The gnoll closely misses you.
The wall freezes the gnoll.
The wall freezes the gnoll but does no damage.
The gnoll barely misses you.
The wall freezes the gnoll sergeant but does no damage.
The gnoll sergeant hits you with a +2 spear of venom!
* * * LOW HITPOINT WARNING * * *
It was a potion of curing.
You feel better.
The wall freezes the gnoll.
The gnoll hits you with a +0 flail!
* * * LOW HITPOINT WARNING * * *
The wall freezes the gnoll but does no damage.
The gnoll hits you from afar with a +0 spear.
You die...

##+###
#..####.##+#
#..........#
#..........#
+..........#
#..........#
###..†..####
.###...>...#####
...............#
.........@g.....#
........##g###..#
....##..#.gg.#..#
#+## #..#....+ .#
####....# #
....... .g.......
.gg........#
............#


You could see a gnoll sergeant and 3 gnolls.

Vanquished Creatures
  A scorpion (D:4)
  A hound (D:4)
  An orc priest (D:3)
  An iguana (D:4)
  An orc wizard (D:3)
  Robin (D:3)
  5 adders
  A gnoll (D:4)
  2 worms (D:3)
  A dart slug (D:2)
  3 orcs (D:3)
  4 ball pythons
  5 endoplasms
  2 giant cockroaches
  15 goblins
  7 hobgoblins
  6 jackals
  7 kobolds
  A quokka (D:2)
  4 bats
  2 frilled lizards (D:1)
  4 rats
75 creatures vanquished.

Notes
Turn   | Place    | Note
-------+----------+-------------------------------------------
     0 | D:1      | ChrisAssaf the Vampire Ice Elementalist began the quest for
                  | the Orb.
     0 | D:1      | Reached XP level 1. HP: 13/13 MP: 3/3
   328 | D:1      | Reached XP level 2. HP: 19/19 MP: 5/5
   437 | D:2      | Found Vapaarre's Antique Armour Shop.
   482 | D:2      | Gained mutation: You are afflicted with vampirism and can
                  | become a bat while bloodless. [Vampire growth]
   482 | D:2      | Reached XP level 3. HP: 25/25 MP: 2/6
   539 | D:2      | Learned a level 3 spell: Frozen Ramparts
   783 | D:3      | Found a snail-covered altar of Cheibriados.
   784 | D:3      | Found a broken altar of Ashenzari.
   789 | D:3      | Found a shimmering blue altar of Sif Muna.
   906 | D:3      | Reached XP level 4. HP: 14/24 MP: 1/7
   940 | D:3      | Became a worshipper of Cheibriados the Contemplative
  1012 | D:3      | Noticed Robin
  1030 | D:3      | Reached skill level 1 in Armour
  1032 | D:3      | Killed Robin
  1033 | D:3      | Reached skill level 1 in Short Blades
  1049 | D:3      | Reached skill level 1 in Fighting
  1213 | D:3      | Reached * piety under Cheibriados
  1223 | D:3      | Reached XP level 5. HP: 9/33 MP: 0/9
  2091 | D:4      | Reached skill level 5 in Ice Magic
  2218 | D:4      | Reached skill level 1 in Invocations
  2218 | D:4      | Reached XP level 6. HP: 30/30 MP: 7/10
  2227 | D:4      | Learned a level 3 spell: Ignite Poison
  2293 | D:4      | Reached ** piety under Cheibriados
  2305 | D:4      | Found a staircase to the Ecumenical Temple.
  2338 | D:4      | Slain by a gnoll

Illustrated notes

Levels and vault maps discovered:
D:1:      lightli_arrival_statuegarden, layout_loops_ring, minmay_bisected
D:2:      layout_rooms, serial_shops, nicolae_shop_tiny_statue_garden
D:3:      layout_rooms, grunt_temple_overflow_open, uniq_robin
D:4:      minmay_recursive_quarters, layout_gridville,
          minmay_temple_entry_overgrown

Skill      XL: |  1  2  3  4  5 |
---------------+----------------+-----
Armour         | 1 |  1.4
Short Blades   | 1 |  1.6
Fighting       | 1 |  1.3
Ice Magic      | 5 |  5.1
Stealth        | 4 |  4.2
Spellcasting   | 3 |  3.2
Invocations    | 1 |  1.1
Dodging        | |  2.9

Action                     |  1- 3 |  4- 6 || total
---------------------------+-------+-------++-------
  Melee: Short sword       |    33 |    42 ||    75
         Bite              |     8 |     5 ||    13
         Punch             |     1 |     1 ||     2
   Cast: Freeze            |    30 |    20 ||    50
         Frozen Ramparts   |     3 |     5 ||     8
Ability: Exsanguinate      |     1 |     1 ||     2
         Revivify          |       |     1 ||     1
    Use: Scroll            |     5 |     6 ||    11
         Potion            |       |     1 ||     1
   Stab: Sleeping          |     6 |     6 ||    12
 Armour: Robe              |     6 |    10 ||    16
  Dodge: Dodged            |    36 |    42 ||    78
